 Dungeon Crawl Stone Soup version 0.30.1-11-g7821555f0a (webtiles) character file.

Game seed: 15142190671294824234

506 Aphynety the Magician (level 6, -4/32 HPs)
             Began as a Deep Elf Fire Elementalist on Nov 23, 2023.
             Slain by thor5677's ghost (10 damage)
             ... on level 3 of the Dungeon on Nov 24, 2023.
             The game lasted 00:17:05 (5063 turns).

Aphynety the Magician (Deep Elf Fire Elementalist)  Turns: 5063, Time: 00:17:05

Health: -4/32      AC:  3    Str:  5    XL:     6   Next: 97%
Magic:  13/15      EV: 14    Int: 22    God:
Gold:   276        SH:  0    Dex: 15    Spells: 14/15 levels left

rFire   + . .        k - +4 dagger
rCold   x . .        (no shield)
rNeg    . . .        a - +0 robe
rPois   .            (no helmet)
rElec   .            (no cloak)
rCorr   .            (no gloves)
SInv    +            m - +0 pair of boots
Will    .....        (no amulet)
Stlth   +++          g - ring of fire
HPRegen 0.25/turn    A - ring of see invisible
MPRegen 0.14/turn

%: no passive effects
@: no status effects
A: no striking features
a: no special abilities


You were on level 3 of the Dungeon.
You visited 1 branch of the dungeon, and saw 4 of its levels.

You collected 276 gold pieces.

Inventory:

Hand Weapons
 k - a +4 dagger (weapon)
Missiles
 l - 15 poisoned darts (quivered)
 t - a throwing net
Armour
 a - a +0 robe (worn)
 m - a +0 pair of boots (worn)
Jewellery
 g - a ring of fire (left hand)
 A - a ring of see invisible (right hand)
Wands
 w - a wand of roots (8)
Scrolls
 c - 2 scrolls of torment {unknown}
 e - 3 scrolls of identify {unknown}
 h - a scroll of poison {unknown}
 i - 2 scrolls of immolation {unknown}
 o - 2 scrolls of magic mapping {unknown}
 p - a scroll of silence {unknown}
 v - 2 scrolls of blinking {unknown}
 x - 2 scrolls of teleportation {unknown}
 y - a scroll of enchant armour {unknown}
Potions
 b - a potion of magic
 d - a potion of degeneration {unknown}
 f - 3 potions of flight {unknown}
 j - a potion of berserk rage {unknown}
 n - a potion of ambrosia {unknown}
 r - 2 potions of curing {unknown}
 s - 2 potions of lignification {unknown}
 u - a potion of brilliance {unknown}
 z - a potion of heal wounds {unknown}


   Skills:
 + Level 4.5 Dodging
 + Level 4.8 Stealth
 + Level 5.2 Spellcasting
 + Level 3.5 Conjurations
 + Level 4.9 Fire Magic


You had 14 spell levels left.
You knew the following spells:

 Your Spells              Type           Power      Damage    Failure   Level
a - Foxfire               Conj/Fire      100%       2x1d9     1%          1

Your spell library contained the following spells:

 Spells                   Type           Power      Damage    Failure   Level
 Scorch                   Fire           82%        2d8       1%          2
 Momentum Strike          Conj/Tloc      26%        3d8       8%          2
 Inner Flame              Hex/Fire       24%        N/A       11%         3
 Volatile Blastmotes      Fire/Tloc      48%        2d14      11%         3
 Blink                    Tloc           10%        N/A       16%         2
 Lesser Beckoning         Tloc           10%        N/A       16%         2
 Flame Wave               Conj/Fire      36%        2d10      17%         4
 Summon Guardian Golem    Hex/Summ       5%         N/A       30%         3
 Orb of Destruction       Conj           10%        9d6       100%        7
 Spellforged Servitor     Conj/Summ      6%         N/A       100%        7


Dungeon Overview and Level Annotations

Branches:
Dungeon (4/15)
 Temple: D:4-7

Altars:
Gozag
Hepliaklqana
Nemelex Xobeh
The Shining One

Annotations:
D:3 thor5677's ghost, amateur HOFi


Message History

The centaur zombie barely misses you. The centaur zombie closely misses you.
The centaur zombie misses you. The centaur zombie closely misses you.
The centaur zombie attacks as you move away!
The centaur zombie hits you.
The centaur zombie kicks you but does no damage.
The foxfire hits the centaur zombie.
The centaur zombie is severely damaged.
The foxfire hits the centaur zombie!
You destroy the centaur zombie!
Okay, then.
Unknown command.
Aiming: Fastroot
Press: ? - help, Shift-Dir - straight line The roots erupt in riotous growth!
Thor5677's ghost is unaffected.
You throw a datura-tipped dart.
The datura-tipped dart hits thor5677's ghost.
Thor5677's ghost is unaffected.
Thor5677's ghost is lightly damaged.
You throw a datura-tipped dart.
The datura-tipped dart hits thor5677's ghost.
Thor5677's ghost is unaffected.
Thor5677's ghost is lightly damaged.
Thor5677's ghost hits you.
You throw a datura-tipped dart.
The datura-tipped dart hits thor5677's ghost.
Thor5677's ghost is unaffected.
Thor5677's ghost is lightly damaged.
Thor5677's ghost barely misses you.
You throw a poisoned dart.
The poisoned dart hits thor5677's ghost.
Thor5677's ghost is lightly damaged.
Thor5677's ghost hits you!
* * * LOW HITPOINT WARNING * * *
Casting: Foxfire (safe; 1% risk of failure)
Confirm with . or Enter, or press ? or * to list all spells.
You don't know that spell.
Casting: Foxfire (safe; 1% risk of failure)
Confirm with . or Enter, or press ? or * to list all spells.
You feel a surge of power!
You conjure some foxfire!
Thor5677's ghost hits you!
You die...

##........#
###########........##
#........##.#..>..###
#...........##...## #
#...)...(#######.# #
#......(.# #.# #
#........# #.####
#..v.W...#######.##..
#...@....##...##.....
#....v...##........#.
#........##...##.....
###.#######.........#
#.# #...#..##..
###.### ####...####
#...>.#######......#
#.....##......>.##.#
#.....##....##.###.#


You could see thor5677's ghost (ally target).

Vanquished Creatures
  2 ogres (D:4)
  A centaur zombie (D:3)
  A crimson imp (D:4)
  A jelly (D:4)
  A bullfrog skeleton (D:3)
  Natasha (D:3)
  An iguana (D:4)
  7 adders
  An ufetubus (D:4)
  2 worms (D:2)
  2 dart slugs
  5 orcs
  9 ball pythons
  2 bats
  7 endoplasms
  5 giant cockroaches
  7 goblins
  8 hobgoblins
  7 kobolds
  5 quokkas
  5 frilled lizards
  A goblin skeleton (D:4)
  3 goblin zombies (D:4)
  2 kobold skeletons (D:4)
  2 kobold zombies (D:4)
  An orc skeleton (D:4)
  6 rats
95 creatures vanquished.

Vanquished Creatures (collateral kills)
  8 foxfires
8 creatures vanquished.

Vanquished Creatures (others)
  492 foxfires
492 creatures vanquished.

Grand Total: 595 creatures vanquished

Notes
Turn   | Place    | Note
-------+----------+-------------------------------------------
     0 | D:1      | Aphynety the Deep Elf Fire Elementalist began the quest for
                  | the Orb.
     0 | D:1      | Reached XP level 1. HP: 10/10 MP: 6/6
   231 | D:1      | Reached XP level 2. HP: 15/15 MP: 4/8
  1028 | D:1      | Reached XP level 3. HP: 19/19 MP: 5/9
  2185 | D:2      | Reached XP level 4. HP: 24/24 MP: 6/11
  2994 | D:3      | Found a sparkling altar of Nemelex Xobeh.
  3024 | D:3      | Found an opulent altar of Gozag.
  3176 | D:3      | Found a faded altar of an unknown god.
  3176 | D:3      | Found a faded altar of an unknown god.
  3179 | D:3      | Found a hazy altar of Hepliaklqana.
  3334 | D:3      | Noticed Natasha
  3337 | D:3      | Killed Natasha
  3338 | D:3      | Reached skill level 4 in Spellcasting
  3407 | D:3      | Reached XP level 5. HP: 28/28 MP: 10/13
  3707 | D:3      | Found a runed translucent gate.
  3707 | D:3      | Found a runed translucent gate.
  3707 | D:3      | Found a runed translucent gate.
  3752 | D:3      | Noticed thor5677's ghost (amateur HOFi)
  3974 | D:4      | Noticed an ogre
  3980 | D:4      | Killed an ogre
  4231 | D:4      | Reached XP level 6. HP: 32/32 MP: 9/15
  4280 | D:4      | Found a glowing golden altar of the Shining One.
  4835 | D:4      | Reached skill level 5 in Spellcasting
  5063 | D:3      | Slain by thor5677's ghost

Illustrated notes

Levels and vault maps discovered:
D:1:      minmay_arrival_up_and_down, layout_basic, minmay_shallow_snake_nest
D:2:      minmay_spotlight, layout_loops_ring, kennysheep_boxes
D:3:      layout_rooms, nicolae_hepliaklqana_ecumenical_no_more,
          grunt_temple_overflow_opulence, gammafunk_ghost_necromancy,
          uniq_natasha
D:4:      layout_cave_pods, nicolae_tso_besieged_by_evil,
          minmay_misc_feat_encased, eino_tiny_chamber

Skill      XL: |  1  2  3  4  5  6 |
---------------+-------------------+-----
Dodging        | 3 4 |  4.5
Stealth        | 3 4 |  4.8
Conjurations   | 2 3 |  3.5
Fire Magic     | 4 |  4.9
Spellcasting   | 4 5 |  5.2

Action                     |  1- 3 |  4- 6 || total
---------------------------+-------+-------++-------
  Melee: Unarmed           |     2 |       ||     2
         Dagger            |     5 |    53 ||    58
         Punch             |       |     1 ||     1
  Throw: Dart              |       |     4 ||     4
   Cast: Foxfire           |   148 |   157 ||   305
  Evoke: Wand              |       |     3 ||     3
 Armour: Robe              |     6 |    14 ||    20
  Dodge: Dodged            |    16 |    65 ||    81
